Map: Invader LE

Players

HuK - Winner!

  • Race: Protoss Protoss
  • League: Grandmaster

Pokebunny

  • Race: Terran Terran
  • League: Grandmaster

VOD

Have the link to the VOD?

Description

Time

  • Played on: April 4, 2016, 2:27 p.m.
  • Length: 6:56
Show
View Real Time Build Order
Export as new Build Order

HuK Protoss - Winner!

Build Orders: 1 Gate Expand, Phoenix Opening 

Get SALT Encoding   

  12  0:01  Probe (Chrono Boost)  
  13  0:11  Probe (Chrono Boost)  
  14  0:18  Pylon  
  14  0:22  Probe (Chrono Boost)  
  15  0:37  Probe (Chrono Boost)  
  15  0:38  Gateway  
  15  0:41  Assimilator  
  16  0:47  Probe (Chrono Boost)  
  17  0:58  Probe (Chrono Boost)  
  18  1:08  Probe (Chrono Boost)  
  19  1:19  Probe (Chrono Boost)  
  20  1:27  Cybernetics Core  
  20  1:29  Probe (Chrono Boost)  
  21  1:34  Nexus  
  21  1:40  Probe (Chrono Boost)  
  21  1:46  Pylon  
  22  1:50  Assimilator  
  22  1:51  Probe (Chrono Boost)  
  23  2:04  Probe (Chrono Boost), Warp Gate  
  26  2:10  Adept (Chrono Boost)  
  26  2:15  Probe  
  27  2:27  Probe  
  27  2:29  Gateway  
  30  2:47  Probe (Chrono Boost)  
  30  2:48  Probe (Chrono Boost)  
  30  2:52  Stargate  
  30  2:59  Probe (Chrono Boost)  
  30  3:00  Probe (Chrono Boost)  
  32  3:09  Probe (Chrono Boost)  
  32  3:10  Probe (Chrono Boost)  
  34  3:16  Gateway  
  34  3:19  Pylon  
  34  3:20  Probe (Chrono Boost)  
  34  3:21  Mothership Core (Chrono Boost)  
  37  3:30  Probe (Chrono Boost)  
  36  3:35  Phoenix (Chrono Boost)  
  36  3:36  Forge  
  36  3:40  Probe  
  36  3:41  Pylon, Probe  
  39  3:47  Pylon  
  40  3:51  Probe, Gateway  
  40  3:52  Probe  
  42  3:58  Phoenix (Chrono Boost)  
  42  4:02  Probe  
  44  4:08  Assimilator  
  45  4:10  Photon Cannon  
  45  4:13  Photon Cannon  
  47  4:20  Phoenix (Chrono Boost)  
  47  4:21  Probe  
  47  4:23  Probe  
  47  4:24  Sentry x2  
  51  4:39  Probe  
  51  4:41  Phoenix (Chrono Boost)  
  51  4:44  Probe  
  54  4:50  Assimilator  
  54  4:51  Probe  
  56  4:53  Photon Cannon  
  57  5:00  Phoenix  
  57  5:02  Pylon  
  58  5:10  Adept x2  
  58  5:11  Adept x2  
  66  5:22  Phoenix  
  68  5:31  Twilight Council  
  68  5:34  Adept  
  68  5:35  Adept x2  
  72  5:52  Phoenix  
  72  6:05  Adept x3  
  72  6:08  Pylon  
  70  6:11  Pylon  
  70  6:13  Phoenix  
  70  6:18  Adept  
  70  6:21  Probe  
  71  6:28  Probe  
  72  6:33  Probe  
  69  6:54  Adept x2  
  69  6:55  Adept x2  
Show
View Real Time Build Order
Export as new Build Order

Pokebunny Terran 

Build Orders: Reaper Expand 

Get SALT Encoding   

  12  0:01  SCV  
  13  0:13  SCV  
  14  0:17  Supply Depot  
  14  0:25  SCV  
  15  0:38  SCV  
  15  0:39  Barracks  
  16  0:44  Refinery  
  16  0:51  SCV  
  17  1:04  SCV  
  18  1:16  SCV  
  19  1:28  Orbital Command  
  19  1:30  Reaper  
  20  1:41  Command Center  
  20  1:55  SCV  
  20  1:57  Supply Depot  
  21  2:02  Marine  
  22  2:10  Factory  
  22  2:12  Refinery  
  22  2:14  SCV  
  23  2:20  Marine  
  24  2:26  SCV  
  25  2:38  Marine, SCV  
  26  2:52  Orbital Command  
  26  2:56  Bunker  
  26  2:57  Starport, Marine  
  27  2:59  Widow Mine  
  27  3:03  SCV  
  30  3:15  Marine  
  30  3:18  SCV x2  
  31  3:35  Marine  
  31  3:38  Medivac  
  31  3:39  Factory Tech Lab  
  34  3:43  Barracks x2  
  34  3:44  SCV x2  
  34  3:48  Supply Depot  
  36  3:53  Barracks Tech Lab  
  36  3:57  Siege Tank  
  36  3:59  SCV  
  36  4:02  Refinery, SCV  
  44  4:14  Supply Depot  
  44  4:16  SCV x2  
  41  4:40  Barracks Reactor x2, Combat Shields  
  41  4:41  Marine  
  41  4:44  SCV x2  
  41  4:45  Siege Tank  
  42  4:46  Medivac  
  42  4:49  Engineering Bay  
  44  4:56  SCV x2  
  44  4:59  Marine  
  45  5:08  SCV x2  
  47  5:17  Marine, Missile Turret  
  47  5:20  Missile Turret  
  47  5:22  Medivac  
  47  5:23  Marine x2  
  47  5:24  Marine  
  51  5:30  SCV  
  51  5:31  SCV  
  51  5:32  Marine  
  51  5:34  Marine  
  50  5:46  Marine x2  
  50  5:47  Marine  
  53  5:50  Marine  
  50  5:57  SCV  
  50  5:58  SCV  
  49  6:09  SCV  
  49  6:10  SCV  
  41  6:17  Siege Tank  
  41  6:18  Medivac  
  45  6:19  Marine x5  
  45  6:22  SCV x2  
  52  6:29  Supply Depot  
  52  6:34  SCV x2  
  54  6:40  Missile Turret  
Tags
 
Add a new tag
Caveats
  • Supply blocks, unpowered buildings, or Contaminate may cause inaccurate times.
  • Supply counts are checked every 10 seconds.